AoeStats
← K

Arena

508774770Analyzed
4v4 RM · 10d ago on Sep 24, 2026· 40m 31s· 8 players
Game mode
Random Map
Map size
Large (8 player)
Population
200
Speed
Normal
Resources
Standard
Victory
Conquest
Starting age
Dark Age
Ending age
Imperial Age
RankedLock teamsTeams togetherTeam positionsShared explorationLock speedFull tech treeHidden civsTurbo modeCheats
Victory
Defeat
🇺🇸 Saxons · United States
1349
+11
🇨🇳 Portuguese · China
1205
+17
🇬🇧 Franks · United Kingdom
1199
+18
🇨🇳 Cumans · China
1161
+20
🇺🇸 Muisca · United States
1264
-17
🇺🇸 Persians · United States
1246
-17
🇺🇸 Celts · United States
1220
-16
🇺🇸 Bohemians · United States
1217
-16
我有低保我先上
11:00 Feudal Age
14:36 Castle Age
12:31 Horse Collar
13:12 Double-Bit Axe
15:39 Bow Saw
19:17 Heavy Plow
21:18 Wheelbarrow
21:05 Gold Mining
21:58 Loom
22:55 Gold Shaft Mining
23:29 Hand Cart
25:30 Scale Barding Armor
25:36 Forging
26:20 Bloodlines
26:11 Husbandry
26:10 Stone Mining
30:32 Imperial Age
29:42 Chain Barding Armor
30:27 Iron Casting
30:11 Cavalier
31:47 Stone Shaft Mining
32:29 Plate Barding Armor
32:55 Blast Furnace
33:47 Two-Man Saw
33:19 Crop Rotation
32:21 Savar
Tsoudbrah
10:19 Feudal Age
10:34 Loom
15:18 Castle Age
17:32 Champi Runner
18:53 Scale Mail Armor
19:05 Champi Warrior
32:06 Chain Mail Armor
31:58 Double-Bit Axe
31:53 Horse Collar
35:02 Forging
andulas97
11:04 Feudal Age
15:04 Castle Age
13:03 Loom
13:46 Double-Bit Axe
14:57 Wheelbarrow
17:56 Bow Saw
24:42 Pikeman
25:22 Squires
25:08 Arson
27:42 Horse Collar
32:10 Imperial Age
30:21 Wheelbarrow
30:10 Scale Mail Armor
30:45 Forging
32:42 Chain Mail Armor
33:02 Iron Casting
32:16 Arson
33:12 Conscription
33:14 Halberdier
[ATARB] ExDic Nicolas Maduro
9:36 Feudal Age
14:55 Castle Age
all peacocks are the same
9:27 Feudal Age
10:29 Double-Bit Axe
15:02 Castle Age
16:28 Horse Collar
21:41 Light Cavalry
22:48 Redemption
22:56 Bow Saw
23:52 Loom
24:43 Wheelbarrow
26:05 Stone Mining
29:45 Imperial Age
27:10 Pikeman
27:50 Squires
28:30 Hand Cart
28:01 Town Watch
28:17 Gold Mining
28:41 Husbandry
29:05 Man-at-Arms
29:31 Gambesons
29:48 Guard Tower
29:49 Fletching
30:00 Scale Mail Armor
30:25 Ballistics
30:57 Sanctity
30:11 Halberdier
30:48 Bodkin Arrow
30:36 Clerical Recruitment
32:09 Bracer
33:41 Keep
33:33 Block Printing
33:53 Theocracy
34:03 Arrowslits
35:18 Chemistry
36:08 Masonry
36:16 Chain Mail Armor
36:27 Heavy Plow
37:47 Plate Mail Armor
38:28 Forging
40:28 Iron Casting
40:27 Architecture
40:04 Siege Engineers
40:32 Architecture
39:26 Shield Wall
40:46 Conscription
40:50 Town Patrol
K
11:27 Feudal Age
15:24 Castle Age
18:08 Double-Bit Axe
18:39 Forging
18:34 Scale Barding Armor
23:50 Gold Mining
25:02 Wheelbarrow
28:35 Imperial Age
25:51 Loom
25:51 Town Watch
26:45 Gold Shaft Mining
26:38 Stone Mining
28:07 Iron Casting
27:52 Chain Barding Armor
28:35 Hand Cart
31:39 Cavalier
32:19 Husbandry
33:46 Blast Furnace
33:22 Plate Barding Armor
36:03 Paladin
39:44 Fletching
乌兰巴托
9:22 Feudal Age
10:33 Double-Bit Axe
12:56 Horse Collar
18:39 Wheelbarrow
19:14 Gold Mining
19:17 Stone Mining
22:56 Castle Age
22:12 Loom
22:51 Scale Barding Armor
22:57 Forging
24:32 Hand Cart
24:20 Heavy Plow
24:33 Bow Saw
25:00 Gold Shaft Mining
25:26 Chain Barding Armor
25:42 Iron Casting
25:24 Bloodlines
34:20 Imperial Age
32:38 Steppe Husbandry
34:28 Elite Steppe Lancer
35:32 Conscription
35:51 Plate Barding Armor
36:17 Blast Furnace
巨炮叔叔
10:57 Feudal Age
14:44 Castle Age
13:05 Double-Bit Axe
13:14 Horse Collar
14:43 Loom
15:41 Bow Saw
18:30 Gold Mining
20:48 Wheelbarrow
22:09 Stone Mining
27:51 Fletching
29:04 Heavy Plow
29:31 Hand Cart
34:37 Imperial Age
32:39 Scale Barding Armor
32:30 Bodkin Arrow
33:33 Chain Barding Armor
33:30 Heavy Plow
34:01 Bloodlines
33:52 Husbandry
34:55 Forging
34:42 Cavalier
36:08 Plate Barding Armor
36:18 Iron Casting
41:06 Two-Man Saw
41:09 Blast Furnace
Connection lost

Rejoining the realm…

Still unreachable

The connection could not be restored.

Session expired

The server has moved on; the page needs a fresh start.